 Dungeon Crawl Stone Soup version 0.29-a0-892-g2c4c91d9db (webtiles) character file.

Game seed: 14972090318260535704

2387 kae the Martial Artist (level 9, -4/61 HPs)
             Began as a Demonspawn Gladiator on July 22, 2022.
             Was an Initiate of Wu Jian.
             Slain by an orc warrior
             ... wielding a +0 glaive
              (15 damage)
             ... on level 6 of the Dungeon.
             The game lasted 00:05:22 (7796 turns).

kae the Martial Artist (Demonspawn Gladiator)       Turns: 7796, Time: 00:05:22

Health: -4/61      AC: 12    Str: 14    XL:     9   Next: 22%
Magic:  9/9        EV:  7    Int: 11    God:    Wu Jian [......]
Gold:   248        SH:  0    Dex: 20    Spells: 8/8 levels left

rFire   . . .      SeeInvis .   g - +1 dagger (venom)
rCold   . . .      Faith    .   (no shield)
rNeg    . . .      Spirit   .   k - +1 chain mail
rPois   +          Reflect  .   b - +0 helmet
rElec   .          Harm     .   (no cloak)
rCorr   .          Rampage  .   z - +1 Delatra's gloves {ID++}
Will    .....                   (no boots)
Stlth   ..........              A - amulet of the acrobat
HPRegen 0.20/turn               P - ring of poison resistance
MPRegen 0.11/turn               (no ring)

@: no status effects
A: hooves 1, thin skeletal structure 1, demonic guardian 2, spiny 3
a: Renounce Religion


You were on level 6 of the Dungeon.
You worshipped Wu Jian.
Wu Jian was noncommittal.
You visited 1 branch of the dungeon, and saw 6 of its levels.

You collected 248 gold pieces.


Innate Abilities, Weirdness & Mutations

You have large cloven feet.
You have a somewhat thin skeletal structure. (Dex +2, Stealth+)
A demonic guardian rushes to your aid.
You are completely covered in sharp spines.


   Skills:
 - Level 2.0 Fighting
 - Level 1.7 Throwing
 - Level 2.6 Dodging
 + Level 11.7 Unarmed Combat


You had 8 spell levels left.
You didn't know any spells.
Your spell library contained the following spells:

 Spells                   Type           Power      Damage    Failure   Level
 Freeze                   Ice            0%         1d3       100%        1
 Summon Small Mammal      Summ           0%         N/A       100%        1
 Ensorcelled Hibernation  Hex/Ice        0%         N/A       100%        2
 Call Canine Familiar     Summ           0%         N/A       100%        3
 Frozen Ramparts          Ice            0%         1d2       100%        3
 Spider Form              Tmut/Pois      0%         N/A       100%        3
 Summon Guardian Golem    Hex/Summ       0%         N/A       100%        3
 Anguish                  Hex/Necr       0%         N/A       100%        4
 Hailstorm                Conj/Ice       0%         3d3       100%        4

Inventory:

Hand Weapons
 g - a +1 dagger of venom (weapon)
   (You took it off a kobold on level 1 of the Dungeon)
 s - a +2 dagger of venom
   (You took it off an orc on level 5 of the Dungeon)
 u - a +1 dagger of protection
   (You found it on level 2 of the Dungeon)
Missiles
 c - 3 throwing nets (quivered) {=f!f}
 d - a javelin
 o - 63 stones
 q - 3 boomerangs
 r - 20 poisoned darts
 O - a curare-tipped dart {=f}
Armour
 a - a +0 scale mail
   (You took it off an orc on level 3 of the Dungeon)
 b - a +0 helmet (worn)
 h - a +0 leather armour
   (You took it off an orc on level 3 of the Dungeon)
 i - a +0 leather armour
   (You took it off an orc priest on level 3 of the Dungeon)
 k - a +1 chain mail (worn)
   (You found it on level 2 of the Dungeon)
 l - a +0 robe
   (You took it off an orc wizard on level 3 of the Dungeon)
 m - a +0 leather armour
   (You took it off an orc on level 3 of the Dungeon)
 p - a +0 ring mail
   (You took it off Edmund on level 6 of the Dungeon)
 t - a +0 robe
   (You found it on level 4 of the Dungeon)
 w - a +0 leather armour
   (You took it off an orc on level 4 of the Dungeon)
 y - a +0 chain mail
   (You took it off an orc on level 5 of the Dungeon)
 z - the +1 Delatra's gloves (worn) {ID++}
   (You found it on level 3 of the Dungeon)

   It heals its wearer when they drink unknown potions.
   It restores its wearer's MP when they read unknown scrolls.
 C - a +0 robe
   (You took it off an orc wizard on level 5 of the Dungeon)
 E - a +0 leather armour
   (You took it off an orc on level 5 of the Dungeon)
 G - a +0 robe
   (You took it off a gnoll bouda on level 5 of the Dungeon)
 J - a +0 robe
   (You found it on level 5 of the Dungeon)
 M - a +0 leather armour
   (You took it off an orc on level 5 of the Dungeon)
 N - a +0 robe
   (You took it off a gnoll bouda on level 6 of the Dungeon)
 Q - a +0 chain mail
   (You found it on level 6 of the Dungeon)
 R - a +0 robe
   (You found it on level 6 of the Dungeon)
 S - a +0 robe
   (You found it on level 6 of the Dungeon)
 U - +0 acid dragon scales
   (You took it off Maggie on level 6 of the Dungeon)
Jewellery
 A - an amulet of the acrobat (around neck)
   (You found it on level 3 of the Dungeon)
 D - a +6 ring of dexterity
   (You found it on level 6 of the Dungeon)
 P - a ring of poison resistance (left hand)
   (You found it on level 1 of the Dungeon)
Wands
 x - a wand of roots (5)
   (You found it on level 4 of the Dungeon)
Scrolls
 e - a scroll of blinking {!r}
 n - 5 scrolls of teleportation {@r4}
 L - a scroll of identify {@r1}
Potions
 f - 3 potions of curing {@q1}
 j - a potion of haste {@q3}
 v - 2 potions of lignification {!q}
 B - a potion of degeneration {!q}
 F - a potion of berserk rage {unknown}
 H - a potion of ambrosia
 I - a potion of mutation {!q}
 K - 2 potions of attraction {!q}
 T - a potion of might

Dungeon Overview and Level Annotations

Branches:
Dungeon (6/15) Zot: 25798  Temple (0/1) D:6

Altars:
Ashenzari
Dithmenos
Hepliaklqana
Kikubaaqudgha
Makhleb
Okawaru
Ru
Wu Jian

Annotations:
D:4 1 exclusion

.#####.#
.......#
..>.### ### .
.......# ..#..
.##.##...#
#.#.####### .#
.# #.#
.........### ##
.# ###
#.#4.o..... .#
....#).)o......
.. .......@# ##
#.#.##..# #
#†.# #.##..###
#.......#
####..#.#
#..#.## #.....#
##.#..#


You could see an orc warrior, an orc (weak, ally target) and a friendly orange
demon (summoned).


Message History

Unknown command.
You start resting.
Your rust devil disappears in a puff of smoke! 😕 HP[+41]
You regained 41 hp, and now have 51/61 hp.
U - +0 acid dragon scales
x - a wand of roots (5) (gained 3 charges)
Things that are here:
a +0 glaive; the human corpse of Maggie
Things that are here:
a +0 glaive; the human corpse of Maggie You can no longer perform spinning attacks. 😕 HP[+7]
You regained 7 hp, and now have 58/61 hp.
There is a stone staircase leading down here.
You see here a +0 buckler.
You see here a +0 spear.
Key pressed, stopping explore.
There is a stone staircase leading down here.
Things that are here:
a +0 glaive; the human skeleton of Maggie A hound comes into view.
The hound barks! 😎 HP[+3]
Your hp is fully restored (61).
A hound is nearby!
A hound is nearby!
A hound is nearby!
A hound is nearby!
An orc comes into view. It is wielding a +0 dagger.
The orc shouts!
An orc priest comes into view. It is wielding a +0 flail.
An orc warrior comes into view. It is wielding a +0 glaive.
The orc moves out of view.
The orc warrior shouts!
The orc priest shouts!
You hit the hound. You kick the hound. The hound is struck by your spines.
The hound bites you but does no damage. x2
You hit the hound.
The hound is poisoned.
Your punch misses the hound.
You kill the hound!
The Council accepts your kill.
An orc comes into view. It is wielding a +0 short sword.
There are monsters nearby!
The orc shouts!
You lunge at the orc.
You hit the orc.
The orc is poisoned.
You kick the orc. The orc is struck by your spines.
You kill the orc!
The Council accepts your kill.
The orc priest looks encouraged for a moment.
An orc comes into view. It is wielding a +0 dagger.
You lunge at the orc.
You barely miss the orc.
The orc warrior hits you from afar with a +0 glaive.
The orc hits you with a +0 short sword.
Things that are here:
a +0 dagger; a +0 leather armour You hit the orc.
The orc is poisoned.
You kick the orc.
You kill the orc!
The Council accepts your kill.
The orc warrior hits you from afar with a +0 glaive!
A demonic guardian appears! 😮 HP[-21]
You take 21 damage, and now have 40/61 hp.
MASSIVE DAMAGE!! (PAUSE)
You closely miss the orc priest. You kick the orc priest.
Your orange demon closely misses the orc priest. x2
The orc warrior hits you from afar with a +0 glaive!
* * * LOW HITPOINT WARNING * * *
The orc priest hits you with a +0 flail!
* * * LOW HITPOINT WARNING * * *
😨 HP[-19]
You take 19 damage, and now have 21/61 hp.
MASSIVE DAMAGE!! (PAUSE) Unknown command.
You hit the orc priest but do no damage.
The orc priest is poisoned.
Your orange demon barely misses the orc priest.
Your orange demon hits the orc priest.
The orc warrior hits you but does no damage.
The orc priest is struck by your spines.
The orc priest hits you but does no damage.
Unknown command.
You closely miss the orc priest.
Your orange demon closely misses the orc priest.
Your orange demon barely misses the orc priest.
The orc hits you with a +0 dagger.
* * * LOW HITPOINT WARNING * * *
The orc warrior hits you from afar with a +0 glaive!
* * * LOW HITPOINT WARNING * * *
The orc priest is struck by your spines.
The orc priest hits you but does no damage. 😱 HP[-10]
You take 10 damage, and now have 11/61 hp.
Unknown command.
There are monsters nearby!
You hit the orc priest.
You kill the orc priest!
The Council accepts your kill.
Your orange demon completely misses the orc.
Your orange demon hits the orc.
The orc looks weaker.
The orc warrior hits you from afar with a +0 glaive!
You die...

Skill      XL: |  1  2  3  4  5  6  7  8 |
---------------+-------------------------+-----
Unarmed Combat | 3 4 5 6 7 9 11 | 11.7
Fighting       | |  2.0
Throwing       | |  1.7
Dodging        | |  2.6

Action                   |  1- 3 |  4- 6 |  7- 9 || total
-------------------------+-------+-------+-------++-------
Melee: Dagger            |    80 |    96 |   131 ||   307
       Unarmed           |     7 |       |       ||     7
       Punch             |     2 |     4 |     9 ||    15
       Kick              |       |       |    42 ||    42
Invok: Lunge             |       |       |    21 ||    21
Evoke: Wand              |       |       |     1 ||     1
  Use: Scroll            |     8 |     1 |     6 ||    15
       Potion            |     2 |     1 |       ||     3
 Stab: Sleeping          |     1 |       |       ||     1
Armor: Leather armour    |    19 |       |       ||    19
       Chain mail        |    19 |    48 |    54 ||   121
Dodge: Dodged            |    43 |    25 |    49 ||   117

Levels and vault maps discovered:
D:1:      lemuel_arrival_lava_pool, layout_basic
D:2:      layout_basic
D:3:      layout_basic, nicolae_dithmenos_shadow_blocks,
          lemuel_zombie_altar_kikubaaqudgha, nicolae_ecumenical_pavilion,
          pf_guarded_unrand_delatra
D:4:      layout_basic, minitemple, tgw_sif, hangedman_abyss_or_decor_stabs,
          nicolae_kite_square_tiling_tiny, minmay_divided_ellipse
D:5:      layout_rooms, hangedman_minor_gate_pass, uniq_grinder
D:6:      layout_loops_ring, grunt_temple_overflow_cloverleaf,
          minmay_temple_entry_arrows, uniq_maggie, uniq_edmund

Notes
Turn   | Place    | Note
-------+----------+-------------------------------------------
     0 | D:1      | kae the Demonspawn Gladiator began the quest for the Orb.
     0 | D:1      | Reached XP level 1. HP: 16/16 MP: 1/1
     0 | D:1      | magus.rc [v1.11.3]
   372 | D:1      | Reached skill level 3 in Unarmed Combat
   693 | D:1      | Gained mutation: You are partially covered in sharp spines.
                  | [demonic ancestry]
   693 | D:1      | Reached XP level 2. HP: 18/22 MP: 2/2
  1790 | D:2      | You pick up a book of Callings and begin reading...
  1790 | D:2      | You add the spells Summon Small Mammal, Call Canine
                  | Familiar and Summon Guardian Golem to your library.
  1907 | D:2      | Gained mutation: A weak demonic guardian rushes to your
                  | aid. [demonic ancestry]
  1907 | D:2      | Reached XP level 3. HP: 20/27 MP: 3/3
  2309 | D:3      | Found a faded altar of an unknown god.
  2438 | D:3      | Reached skill level 4 in Unarmed Combat
  2452 | D:3      | HP: 3/27 [orc/boomerang (4)]
  2953 | D:3      | Reached XP level 4. HP: 25/33 MP: 4/4
  3278 | D:3      | Found an ancient bone altar of Kikubaaqudgha.
  3331 | D:3      | Found a shadowy altar of Dithmenos.
  3345 | D:3      | HP: 3/33 [orc wizard/magic dart (6)]
  3700 | D:3      | Reached skill level 5 in Unarmed Combat
  3716 | D:3      | Gained mutation: You are mostly covered in sharp spines.
                  | [demonic ancestry]
  3716 | D:3      | Reached XP level 5. HP: 27/38 MP: 5/5
  3716 | D:3      | Found the +1 Delatra's gloves {ID++}
  4230 | D:4      | Reached skill level 6 in Unarmed Combat
  4351 | D:4      | Gained mutation: You are completely covered in sharp
                  | spines. [demonic ancestry]
  4351 | D:4      | Reached XP level 6. HP: 44/44 MP: 6/6
  4653 | D:4      | You pick up a book of Frost and begin reading...
  4653 | D:4      | You add the spells Freeze, Frozen Ramparts and Hailstorm to
                  | your library.
  4665 | D:4      | You pick up a book of Dreams and begin reading...
  4665 | D:4      | You add the spells Ensorcelled Hibernation, Spider Form and
                  | Anguish to your library.
  4814 | D:4      | Reached skill level 7 in Unarmed Combat
  4816 | D:4      | Gained mutation: You have a somewhat thin skeletal
                  | structure. (Dex +2, Stealth+) [demonic ancestry]
  4816 | D:4      | Reached XP level 7. HP: 38/50 MP: 7/7
  4988 | D:4      | Found an ornate altar of the Wu Jian Council.
  4989 | D:4      | Found a sacrificial altar of Ru.
  5159 | D:4      | Became a worshipper of the Wu Jian Council
  5208 | D:5      | Entered Level 5 of the Dungeon
  5261 | D:5      | HP: 11/50 [gnoll/+0 halberd[a gnoll bouda] (8)]
  5261 | D:5      | HP: 5/50 [gnoll bouda/+0 club (6)]
  5263 | D:5      | Reached skill level 8 in Unarmed Combat
  5648 | D:5      | Noticed Grinder
  5662 | D:5      | Killed Grinder
  5842 | D:5      | Reached skill level 9 in Unarmed Combat
  5842 | D:5      | Gained mutation: You have large cloven feet. [demonic
                  | ancestry]
  5842 | D:5      | Reached XP level 8. HP: 52/56 MP: 8/8
  6595 | D:6      | Noticed Edmund
  6601 | D:6      | Killed Edmund
  6602 | D:6      | Reached skill level 10 in Unarmed Combat
  6823 | D:6      | Found a burning altar of Makhleb.
  6834 | D:6      | Found a hazy altar of Hepliaklqana.
  6844 | D:6      | Found a broken altar of Ashenzari.
  6854 | D:6      | Found an iron altar of Okawaru.
  6974 | D:6      | Reached skill level 11 in Unarmed Combat
  7090 | D:6      | Found a staircase to the Ecumenical Temple.
  7196 | D:6      | Reached * piety under Wu Jian
  7197 | D:6      | Gained mutation: A demonic guardian rushes to your aid.
                  | [demonic ancestry]
  7197 | D:6      | Reached XP level 9. HP: 58/61 MP: 9/9
  7390 | D:6      | Noticed Maggie
  7405 | D:6      | HP: 10/61 [Maggie/bolt of fire (8)]
  7406 | D:6      | Killed Maggie
  7795 | D:6      | HP: 11/61 [orc warrior/+0 glaive (7)]
  7796 | D:6      | Slain by an orc warrior

Vanquished Creatures
  Maggie (D:6)
  Grinder (D:5)
  Edmund (D:6)
  2 water moccasins
  An ogre (D:5)
  2 centaurs
  A kobold brigand (D:6)
  8 scorpions
  A bullfrog (D:4)
  3 hounds
  3 orc priests
  5 iguanas
  A gnoll bouda (D:6)
  4 orc wizards
  10 gnolls
  7 adders
  An ufetubus (D:4)
  2 worms
  2 dart slugs
  23 orcs
  7 endoplasms
  3 giant cockroaches
  7 goblins
  7 hobgoblins
  10 kobolds
  2 quokkas
  7 ball pythons
  7 bats
  2 frilled lizards (D:1)
  4 rats
135 creatures vanquished.

Vanquished Creatures (collateral kills)
  A gnoll bouda (D:5)
  A gnoll (D:4)
  An orc (D:3)
  A goblin (D:3)
  A hobgoblin (D:3)
  A kobold (D:3)
6 creatures vanquished.

Grand Total: 141 creatures vanquished

Table legend:
 A = Non-vault XP
 B = Vault XP
 C = Vault XP percentage of total XP
 D = Non-vault monster count
 E = Vault monster count
 F = Vault count percentage of total count
                 A         B        C        D         E       F
            +---------+---------+-------+---------+---------+-------
      Total |    1815 |    1638 |  47.4 |     115 |      26 |  18.4
            +---------+---------+-------+---------+---------+-------
        D:1 |      27 |       0 |   0.0 |      16 |       0 |   0.0
        D:2 |      24 |       0 |   0.0 |      14 |       0 |   0.0
        D:3 |     181 |      44 |  19.6 |      29 |       4 |  12.1
        D:4 |     298 |     277 |  48.2 |      16 |      13 |  44.8
        D:5 |     314 |     750 |  70.5 |      13 |       7 |  35.0
        D:6 |     971 |     567 |  36.9 |      27 |       2 |   6.9
            +---------+---------+-------+---------+---------+-------

Illustrated notes

Table legend:
 A = Kills in this place as a percentage of kills in entire the game.
 B = Kills by you in this place as a percentage of kills by you in the entire game.
 C = Kills by friends in this place as a percentage of kills by friends in the entire game.
 D = Other kills in this place as a percentage of other kills in the entire game.
 E = Experience gained in this place as a percentage of experience gained in the entire game.
 F = Experience gained in this place divided by the number of levels of this place that you have seen.
                   A       B       C       D       E      F
               +-------+-------+-------+-------+-------+----------------------
         Total | 100.0 | 100.0 | 100.0 |   N/A | 100.0 | 575.5
       Dungeon | 100.0 | 100.0 | 100.0 |   N/A | 100.0 | 575.5
               +-------+-------+-------+-------+-------+----------------------

Table legend: (Time is in decaauts)
 A = Elapsed time spent in this place.
 B = Non-inter-level travel time spent in this place.
 C = Inter-level travel time spent in this place.
 D = Time resting spent in this place.
 E = Time spent auto-exploring this place.
 F = Levels seen in this place.
 G = Mean time per level.
                   A        B        C        D        E       F      G
               +--------+--------+--------+--------+--------+-----+--------+
         Total |   7782 |   7478 |    304 |   1500 |   5140 |   6 | 1297.0 |
       Dungeon |   7782 |   7478 |    304 |   1500 |   5140 |   6 | 1297.0 |
               +--------+--------+--------+--------+--------+-----+--------+

Top non-repeatable levels by time:
     D:1: 1558 daAuts
     D:3: 1400 daAuts
     D:4: 1381 daAuts
     D:2: 1227 daAuts
     D:6: 1200 daAuts
     D:5: 1013 daAuts
